 Dungeon Crawl Stone Soup version 0.30-a0-145-g03d90e2e6d (webtiles) character file.

Game seed: 1421569692920927269

106 qw the Chopper (level 4, -2/28 HPs)
             Began as a Gargoyle Fighter on Sept 26, 2022.
             Engulfed by a steam dragon's steam (5 damage)
             ... on level 4 of the Dungeon.
             The game lasted 00:00:48 (2734 turns).

qw the Chopper (Gargoyle Fighter)                   Turns: 2734, Time: 00:00:49

Health: -2/28      AC: 14    Str: 20 (21) XL:     4   Next: 84%
Magic:  4/4        EV:  7    Int:  8 (9)  God:
Gold:   185        SH:  4    Dex:  6 (9)  Spells: 3/3 levels left

rFire   . . .      SeeInvis .    Y - +1 war axe
rCold   . . .      Faith    .    c - +0 buckler
rNeg    + . .      Spirit   .    k - +0 chain mail
rPois   inf        Reflect  .    g - +2 hat
rElec   +          Harm     .    (no cloak)
rCorr   .          Rampage  .    (no gloves)
Will    .....                    (no boots)
Stlth   ..........               (no amulet)
HPRegen 0.09/turn                (no ring)
MPRegen 0.09/turn                (no ring)

@: about to teleport
A: sickness immunity, AC +3, negative energy resistance 1, electricity
resistance, torment resistance 1, petrification resistance
a: no special abilities


You were on level 4 of the Dungeon.
You visited 1 branch of the dungeon, and saw 4 of its levels.

You collected 185 gold pieces.


Innate Abilities, Weirdness & Mutations

You are immune to sickness and miasma.
Your stone body is resilient. (AC +3)
You are immune to poison.
You resist negative energy. (rN+)
You are resistant to electric shocks. (rElec)
You are resistant to unholy torment.
You are immune to petrification.


   Skills:
 - Level 3.2 Fighting
 + Level 4.4 Axes
 - Level 3.2 Armour
 - Level 3.2 Shields


You had 3 spell levels left.
You didn't know any spells.
Your spell library was empty.

Inventory:

Hand Weapons
 a - a +0 whip
 Y - a +1 war axe (weapon)
Armour
 c - a +0 buckler (worn)
 g - a +2 hat (worn)
 k - a +0 chain mail (worn)
Jewellery
 j - a ring of fire
Potions
 d - 2 potions of might
 e - a potion of haste {unknown}
 f - 2 potions of curing
 i - a potion of heal wounds {unknown}

Dungeon Overview and Level Annotations

Branches:
Dungeon (4/15)
 Temple: D:4-7

Altars:
Makhleb


Message History

Found a stone staircase leading down.
You now have 185 gold pieces (gained 6).
Found a leather armour.
Enter note:
Found a leather armour.
Found an escape hatch in the floor.
A steam dragon comes into view.
The steam dragon hisses angrily.
2724 ||| Stepping ~*~*~tactically~*~*~ (hiding).
You start waiting.
A steam dragon is nearby!
The steam dragon breathes steam at you. The ball of steam hits you.
You hear a shout! x2; You hear an angry hiss.
You slash the steam dragon!
The steam dragon is heavily wounded.
You are engulfed in a cloud of scalding steam.
You block the steam dragon's attack. The steam dragon barely misses you.
You barely miss the steam dragon.
The steam dragon is heavily wounded.
The steam dragon bites you. The steam dragon claws you.
An orc comes into view. It is wielding a +0 club.
The steam dragon breathes steam at you. The ball of steam hits you!
You hit the steam dragon but do no damage.
The steam dragon is heavily wounded.
You are engulfed in a cloud of scalding steam.
The steam dragon bites you but does no damage.
The steam dragon claws you but does no damage.
You hit the steam dragon.
The steam dragon is severely wounded.
You are engulfed in a cloud of scalding steam.
The steam dragon breathes steam at you.
The ball of steam hits you but does no damage.
A kobold comes into view. It is wielding a +0 whip.
2734 ||| READING scroll of teleportation.
As you read the scroll of teleportation, it crumbles to dust.
You feel strangely unstable.
You are engulfed in a cloud of scalding steam.
You die...

### #.K #.# #.#
#o####### #.#
#.D[..... #####.#
####@# ......##
#...¤# .......#
#¤##¤# #
#...#####.##.#
#####............#
....#...#####.####
..#......# #[#
.........# #.#
..#............


You could see a steam dragon (catching breath), an orc and a kobold.

Vanquished Creatures
  Jessica (D:3)
  2 adders (D:3)
  2 dart slugs
  5 orcs
  5 ball pythons
  5 endoplasms
  5 goblins
  2 hobgoblins (D:1)
  8 jackals
  2 quokkas
  2 bats (D:1)
  2 frilled lizards
  4 kobolds
  4 rats (D:1)
49 creatures vanquished.

Notes
Turn   | Place    | Note
-------+----------+-------------------------------------------
     0 | D:1      | qw the Gargoyle Fighter began the quest for the Orb.
     0 | D:1      | Reached XP level 1. HP: 14/14 MP: 1/1
     0 | D:1      | 0 ||| qw: Version: 0.2-a-10-g399e6c4
     0 | D:1      | 0 ||| qw: Game counter: 516
     0 | D:1      | 0 ||| qw: Always use a shield: true
     0 | D:1      | 0 ||| qw: God list: Okawaru
     0 | D:1      | 0 ||| qw: Allow faded altars: false
     0 | D:1      | 0 ||| qw: Do Orc after D:15 true
     0 | D:1      | 0 ||| qw: Do second Lair branch before Depths: true
     0 | D:1      | 0 ||| qw: Lair rune preference: random
     0 | D:1      | 0 ||| qw: Plans: Normal, Zot:1-4, God:TSO, Crypt, Tomb,
                  | Pan, Slime:5, Hells, Abyss, Orb
     0 | D:1      | 0 ||| PLANNING D:1-11
    44 | D:1      | Reached skill level 2 in Axes
   128 | D:1      | Reached XP level 2. HP: 19/19 MP: 2/2
   556 | D:1      | Reached skill level 3 in Axes
   743 | D:1      | 743 ||| READING scroll labelled CERHIE TIENTIO.
   744 | D:1      | 744 ||| READING 2 scrolls labelled GOTAVIAJAGG.
   748 | D:1      | 748 ||| READING scroll labelled ZUMEMYLUIS.
   749 | D:1      | 749 ||| READING scroll labelled ZOPLUNY LOGAL.
   750 | D:1      | 750 ||| READING scroll labelled YDOTOA DAONTA.
   866 | D:2      | 866 ||| DROPPING +0 club.
   926 | D:2      | Reached XP level 3. HP: 17/23 MP: 3/3
  1306 | D:2      | Found a faded altar of an unknown god.
  1557 | D:2      | 1557 ||| UPGRADING to +2 hat.
  1562 | D:2      | 1562 ||| UPGRADING to +0 chain mail.
  1572 | D:2      | 1572 ||| DROPPING +0 scale mail.
  1573 | D:2      | 1573 ||| READING scroll labelled ISYNYUDOX.
  1574 | D:2      | 1574 ||| READING scroll labelled GOTIUKLOIDU.
  1804 | D:3      | Noticed Jessica
  1817 | D:3      | Killed Jessica
  1818 | D:3      | Reached skill level 4 in Axes
  1818 | D:3      | Reached XP level 4. HP: 7/28 MP: 4/4
  2150 | D:3      | 2150 ||| Stepping ~*~*~tactically~*~*~ (stealth).
  2151 | D:3      | 2151 ||| Stepping ~*~*~tactically~*~*~ (stealth).
  2167 | D:3      | 2167 ||| Stepping ~*~*~tactically~*~*~ (stealth).
  2220 | D:3      | Found a burning altar of Makhleb.
  2460 | D:3      | 2460 ||| DROPPING amulet of magic regeneration.
  2461 | D:3      | 2461 ||| DRINKING 2 metallic golden potions.
  2462 | D:3      | 2462 ||| DROPPING potion of degeneration.
  2485 | D:4      | 2485 ||| STAIRDANCE
  2490 | D:4      | 2490 ||| STAIRDANCE
  2693 | D:4      | 2693 ||| Stepping ~*~*~tactically~*~*~ (stealth).
  2723 | D:4      | Noticed a steam dragon
  2724 | D:4      | 2724 ||| Stepping ~*~*~tactically~*~*~ (hiding).
  2733 | D:4      | HP: 3/28 [steam dragon] (7)]
  2734 | D:4      | 2734 ||| READING scroll of teleportation.
  2734 | D:4      | Engulfed by a steam dragon's steam

Levels and vault maps discovered:
D:1:      co_arrival_hall_of_pillars, layout_basic
D:2:      layout_basic, hellmonk_ecumenical_altar_blasted
D:3:      layout_basic, lightli_temple_of_fire, uniq_jessica
D:4:      layout_loops_ring, minmay_temple_entry_grid

Skill      XL: |  1  2  3 |
---------------+----------+-----
Axes           | 2 3 4 |  4.4
Fighting       | |  3.2
Armour         | |  3.2
Shields        | |  3.2

Action                   |  1- 3 |  4- 6 || total
-------------------------+-------+-------++-------
Melee: War axe           |    99 |    37 ||   136
  Use: Scroll            |     7 |     1 ||     8
       Potion            |       |     1 ||     1
Armor: Scale mail        |    40 |       ||    40
       Chain mail        |    13 |    25 ||    38
Dodge: Dodged            |    35 |    20 ||    55
Block: Buckler           |    20 |     4 ||    24

Table legend:
 A = Non-vault XP
 B = Vault XP
 C = Vault XP percentage of total XP
 D = Non-vault monster count
 E = Vault monster count
 F = Vault count percentage of total count
                 A         B        C        D         E       F
            +---------+---------+-------+---------+---------+-------
      Total |     115 |      37 |  24.3 |      48 |       1 |   2.0
            +---------+---------+-------+---------+---------+-------
        D:1 |      33 |       0 |   0.0 |      19 |       0 |   0.0
        D:2 |      16 |       0 |   0.0 |       8 |       0 |   0.0
        D:3 |      54 |      37 |  40.7 |      16 |       1 |   5.9
        D:4 |      12 |       0 |   0.0 |       5 |       0 |   0.0
            +---------+---------+-------+---------+---------+-------
